cohdb
Replays
Latest Replays
All Replays
Popular Replays
Top Player Replays
Match Explorer
How It Works
Community
CoH3 Stats
Reddit
Sign in to upload your games and track your stats! →
Sign in with Steam
Match 38244800
Unlisted
Match 38244800
Overview
Messages
Build Orders
End
Construct Barracks
Selects Special Operations Battlegroup
Selects M29 Weasel Recon Vehicle
M29 Weasel Recon Vehicle
Riflemen Squad
Riflemen Squad
Infantry Support Center
Grenade Package
Riflemen Squad
Construct Motor Pool
M1 Mortar Team
tobbob
moonbluse
Stripkip
Buja
Solid
Bighazelnut
0
0
Comments
sign in to comment!
No comments posted yet!